Kradschützen Motorcycle Team
Selects Panzerjäger Kommand Battlegroup
Construct Light Support Kompanie
Construct Mechanized Kompanie
Selects Defensive Positions
254 Reconnaissance Tractor
Selects Butterfly Bomb Drop
Construct Panzerarmee Kommand
Construct Panzerarmee Kommand
Walking Stuka Rocket Launcher
Pak 38 Anti-tank Gun Team
Selects Crew Shock Tactics
Selects Elefant Tank Destroyer
Walking Stuka Rocket Launcher
Panzerjäger Mechanized Group
Walking Stuka Rocket Launcher